 Dungeon Crawl Stone Soup version 0.31.0-4-g52a2dc7128 (webtiles) character file.

Game seed: 15793145955771279820

960 hawla the Conjurer (level 7, 0/40 HPs)
             Began as a Deep Elf Fire Elementalist on Jan 22, 2024.
             Slain by Pikel
             ... wielding a +1 whip of flaming
              (3 damage)
             ... on level 5 of the Dungeon.
             The game lasted 00:16:35 (5201 turns).

hawla the Conjurer (Deep Elf Fire Elementalist)     Turns: 5201, Time: 00:16:35

Health: 0/40       AC:  4    Str:  5    XL:     7   Next: 92%
Magic:  3/16       EV: 13    Int: 22    God:
Gold:   145        SH:  0    Dex: 15    Spells: 7/16 levels left

rFire   . . .        (no weapon)
rCold   . . .        (no shield)
rNeg    . . .        a - +0 robe
rPois   .            (no helmet)
rElec   .            (no cloak)
rCorr   .            (no gloves)
SInv    .            e - +1 pair of boots {Fly}
Will    .....        n - amulet of magic regeneration
Stlth   ++           (no ring)
HPRegen 0.26/turn    (no ring)
MPRegen 0.55/turn

%: no passive effects
@: brilliant, flying
A: no striking features
a: no special abilities


You were on level 5 of the Dungeon.
You visited 1 branch of the dungeon, and saw 5 of its levels.
You also visited: Sewer.

You collected 170 gold pieces.
You spent 25 gold pieces at shops.

Inventory:

Armour
 a - a +0 robe (worn)
 e - a +1 pair of boots of flying (worn)
Jewellery
 n - an amulet of magic regeneration (around neck)
Talismans
 r - the maw talisman of Failure {rN+}
   (You found it on level 3 of the Dungeon)

   [maw talisman]

   rN+:       It protects you from negative energy.
Wands
 b - a wand of quicksilver (3)
 f - a wand of flame (19) (quivered)
Scrolls
 p - a scroll of brand weapon
 v - a scroll of revelation
Potions
 g - 2 potions of cancellation {unknown}
 h - a potion of enlightenment
 i - 2 potions of lignification {unknown}
 j - a potion of haste {unknown}
 k - a potion of might {unknown}
 l - 2 potions of attraction {unknown}
 m - a potion of mutation {unknown}
 q - a potion of berserk rage {unknown}
 s - a potion of resistance {unknown}


   Skills:
 - Level 2.0 Fighting
 - Level 4.0 Dodging
 - Level 3.5 Stealth
 - Level 5.0 Spellcasting
 + Level 5.8 Conjurations
 - Level 5.0 Fire Magic
 - Level 3.0 Evocations
 - Level 2.0 Shapeshifting


You had 7 spell levels left.
You knew the following spells:

 Your Spells              Type           Power      Damage    Failure   Level
a - Foxfire               Conj/Fire      100%       2x1d9     1%          1
b - Scorch                Fire           82%        2d8       1%          2
c - Flame Wave            Conj/Fire      44%        2d11      11%         4
d - Blink                 Tloc           16%        N/A       16%         2

Your spell library contained the following spells:

 Spells                   Type           Power      Damage    Failure   Level
 Magic Dart               Conj           100%       1d8       1%          1
 Searing Ray              Conj           92%        2d7       1%          2
 Momentum Strike          Conj/Tloc      54%        3d9       4%          2
 Inner Flame              Hex/Fire       24%        N/A       11%         3
 Volatile Blastmotes      Fire/Tloc      48%        2d14      11%         3
 Lesser Beckoning         Tloc           16%        N/A       16%         2
 Fulminant Prism          Conj/Alch      13%        3d9       30%         4
 Starburst                Conj/Fire      22%        6d7       86%         6
 Plasma Beam              Fire/Air       12%        2x1d23    99%         6


Dungeon Overview and Level Annotations

Branches:
Dungeon (5/15)              Sewer (visited)
 Temple: D:4-7

Altars:
The Shining One

Shops:
D:5 *

Annotations:
D:5 Pikel


Message History

Confirm with . or Enter, or press ? or * to list all spells.
You feel a surge of power!
Flames lash Pikel.
Pikel resists.
Pikel is severely wounded.
Pikel's fire resistance burns away.
Pikel closely misses you.
Your magical contamination has completely faded away.
Casting: Scorch (safe; 1% risk of failure)
Confirm with . or Enter, or press ? or * to list all spells.
You feel a surge of power!
Flames lash Pikel.
Pikel is severely wounded.
Pikel hits you with a +1 whip of flaming.
Pikel burns you.
* * * LOW HITPOINT WARNING * * *
Casting: Scorch (safe; 1% risk of failure)
Confirm with . or Enter, or press ? or * to list all spells.
You feel a surge of power!
Flames lash Pikel.
Pikel is almost dead.
Pikel misses you.
Casting: Scorch (safe; 1% risk of failure)
Confirm with . or Enter, or press ? or * to list all spells.
You feel a surge of power!
Flames lash Pikel but do no damage.
Pikel hits you with a +1 whip of flaming!
* * * LOW HITPOINT WARNING * * *
Pikel burns you.
* * * LOW HITPOINT WARNING * * *
Casting: Scorch (safe; 1% risk of failure)
Confirm with . or Enter, or press ? or * to list all spells.
You don't know that spell.
Casting: Scorch (safe; 1% risk of failure)
Confirm with . or Enter, or press ? or * to list all spells.
You feel a surge of power!
You conjure some foxfire!
Pikel barely misses you.
You closely miss Pikel. Your punch misses Pikel.
Pikel is almost dead.
The foxfire hits Pikel.
Pikel is almost dead.
Pikel closely misses you.
You hit Pikel but do no damage.
Pikel is almost dead.
Pikel hits you with a +1 whip of flaming.
You die...
Pikel says, "See you in Hell!"

# # # # #### #
############... ..
#@K..†##...§..# #.
#.###.#.....§.###.
#.# #......§§§§...
#.# #.#..#..§§§##.
#.....#..#..5§§##.
###.###......§§§§.
#. #.###.#.###. .
......§..... #.
##.######...


You could see Pikel (combustible).

Vanquished Creatures
  Sigmund (D:2)
  A centaur (D:5)
  A phantom (D:4)
  4 lemures (D:5)
  2 scorpions
  A bombardier beetle (D:4)
  3 orc priests
  2 jellies (D:5)
  3 iguanas
  Terence (D:2)
  An orc wizard (D:3)
  A hell rat (Sewer)
  5 adders
  2 river rats (Sewer)
  A shadow imp (D:5)
  An ufetubus (D:5)
  2 dart slugs
  2 ribbon worms (D:2)
  12 orcs
  5 bats
  4 endoplasms
  3 giant cockroaches
  9 goblins
  8 hobgoblins
  6 jackals
  4 quokkas
  6 ball pythons
  2 frilled lizards
  A goblin skeleton (D:5)
  A goblin zombie (D:5)
  4 hobgoblin zombies (D:5)
  5 kobolds
  2 kobold skeletons (D:5)
  A kobold zombie (D:5)
  An orc skeleton (D:5)
  3 orc zombies (D:5)
  14 rats
125 creatures vanquished.

Vanquished Creatures (others)
  243 foxfires
243 creatures vanquished.

Grand Total: 368 creatures vanquished

Notes
Turn   | Place    | Note
-------+----------+-------------------------------------------
     0 | D:1      | hawla the Deep Elf Fire Elementalist began the quest for
                  | the Orb.
     0 | D:1      | Reached XP level 1. HP: 10/10 MP: 6/6
   372 | D:1      | Reached XP level 2. HP: 15/15 MP: 4/8
  1202 | D:2      | Noticed a scorpion
  1214 | D:2      | Killed a scorpion
  1215 | D:2      | Reached skill level 1 in Fighting
  1215 | D:2      | Reached XP level 3. HP: 20/20 MP: 1/10
  1215 | D:2      | Reached XP level 4. HP: 25/25 MP: 1/12
  1445 | D:2      | Noticed Terence
  1464 | D:2      | Killed Terence
  1465 | D:2      | Reached skill level 1 in Evocations
  1468 | D:2      | Learned a level 2 spell: Scorch
  1606 | D:2      | Learned a level 4 spell: Flame Wave
  1681 | D:2      | Reached XP level 5. HP: 30/30 MP: 7/13
  1919 | D:2      | Found a faded altar of an unknown god.
  2117 | D:2      | Noticed Sigmund
  2127 | D:2      | Killed Sigmund
  2128 | D:2      | Reached XP level 6. HP: 33/35 MP: 6/14
  2570 | D:3      | Found a glowing drain.
  2579 | Sewer    | Entered a sewer
  2952 | D:3      | Identified the maw talisman of Failure {rN+}
  3533 | D:4      | Reached XP level 7. HP: 40/40 MP: 9/16
  3726 | D:4      | Reached skill level 5 in Spellcasting
  3819 | D:4      | Reached skill level 5 in Conjurations
  3819 | D:4      | Reached skill level 5 in Fire Magic
  4542 | D:5      | Entered Level 5 of the Dungeon
  4547 | D:5      | Identified a scroll of acquirement
  4547 | D:5      | Acquired a +1 pair of boots of flying
  4619 | D:5      | Found a glowing golden altar of the Shining One.
  4684 | D:5      | Found Galipnae's CLEARANCE SALE!.
  4690 | D:5      | Bought a scroll of revelation for 22 gold pieces
  4690 | D:5      | Bought a potion of degeneration for 3 gold pieces
  4872 | D:5      | Reached skill level 1 in Shapeshifting
  5158 | D:5      | Learned a level 2 spell: Blink
  5163 | D:5      | Noticed Pikel
  5201 | D:5      | Slain by Pikel

Illustrated notes

Levels and vault maps discovered:
D:1:      dpeg_arrival_circle_labyrinth_a, layout_basic
D:2:      layout_loops_ring, ebering_ecumenical_altar_hall, uniq_sigmund,
          uniq_terence
D:3:      layout_rooms, gup_sewer_entry_bubbles
D:4:      layout_basic
D:5:      minmay_goblin_kobold_castle, layout_loops_cross,
          nicolae_tso_besieged_by_evil, grunt_decor_resistance,
          kennysheep_pointless_box, nicolae_shop_clearance, uniq_pikel,
          uniq_crazy_yiuf_cottage

Skill      XL: |  1  2  3  4  5  6  7 |
---------------+----------------------+-----
Fighting       | 1 2 |  2.0
Dodging        | 3 4 |  4.0
Stealth        | 3 |  3.5
Spellcasting   | 4 5 |  5.0
Conjurations   | 2 4 5 |  5.8
Fire Magic     | 4 5 |  5.0
Evocations     | 1 2 3 |  3.0
Shapeshifting  | 2 |  2.0

Action                     |  1- 3 |  4- 6 |  7- 9 || total
---------------------------+-------+-------+-------++-------
  Melee: Unarmed           |    10 |    27 |    13 ||    50
   Cast: Foxfire           |    30 |    76 |    33 ||   139
         Scorch            |       |    19 |    23 ||    42
         Flame Wave        |       |     3 |     7 ||    10
    Use: Scroll            |       |     6 |     7 ||    13
         Potion            |       |       |     3 ||     3
   Stab: Sleeping          |     1 |       |     1 ||     2
 Armour: Robe              |     7 |    41 |    35 ||    83
  Dodge: Dodged            |    21 |    40 |    34 ||    95
